 Dungeon Sprint DCSS version 0.25.1-2-g60ff931df9 (webtiles) character file.

Game seed: 14753060953462358208

926 Cadaver the Fighter (level 8, -6/58 HPs)
             Began as a Gargoyle Fighter on Nov 4, 2020.
             Mangled by a tyrant leech (20 damage)
             ... in the Dungeon (Sprint II: "The Violet Keep of Menkaure").
             The game lasted 00:01:22 (114 turns).

Cadaver the Fighter (Gargoyle Fighter)               Turns: 114, Time: 00:01:22

Health: -6/58      AC: 14    Str: 19    XL:     8   Next: 10%
Magic:  8/8        EV:  8    Int: 10    God:
Gold:   729        SH: 11    Dex: 11    Spells: 7/7 levels left

rFire    . . .     SeeInvis .   a - +0 flail
rCold    . . .     Gourm    .   c - +0 kite shield
rNeg     + . .     Faith    .   b - +0 scale mail
rPois    ∞         Spirit   .   (no helmet)
rElec    +         Reflect  .   (no cloak)
rCorr    .         Harm     .   (no gloves)
MR       .....     NoTele   +   (no boots)
Stlth    ..........             (no amulet)
HPRegen  0.19/turn              (no ring)
MPRegen  0.11/turn              (no ring)

@: mighty
A: negative energy resistance 1, electricity resistance, unbreathing,
petrification resistance, rot immunity, AC +5
a: no special abilities


You were in the Dungeon.
You were not hungry.

You visited 1 branch You collected 729 gold pieces.

Inventory:

Hand Weapons
 a - a +0 flail (weapon)
Armour
 b - a +0 scale mail (worn)
 c - a +0 kite shield (worn)
Scrolls
 k - a scroll of blinking
Potions
 e - a potion of curing
 g - a potion of heal wounds
 h - a potion of haste
 i - 2 potions of magic
Comestibles
 f - a ration
 l - 2 chunks of flesh


   Skills:
 + Level 10.4 Fighting
 + Level 9.2 Maces & Flails
 + Level 9.6 Armour
 + Level 9.7 Shields


You had 7 spell levels left.
You didn't know any spells.
Your spell library was empty.

Dungeon Overview and Level Annotations

Branches:
Dungeon (1/1)

Altars:

Annotations:
D exclusion: obsidian statue


Innate Abilities, Weirdness & Mutations

You are resistant to torment.
Your stone body is resilient. (AC +5)
You are immune to poison.
You resist negative energy. (rN+)
You are resistant to electric shocks. (rElec)
You can survive without breathing.
You are immune to petrification.
You are immune to rotting.


Message History

The tyrant leech is heavily wounded.
The tyrant leech closely misses you.
Your scale mail prevents you from hitting the tyrant leech.
The tyrant leech is heavily wounded.
You sock the tyrant leech!
The tyrant leech is severely wounded.
You block the tyrant leech's attack.
You sock the tyrant leech!
The tyrant leech is almost dead.
The tyrant leech barely misses you.
You sock the tyrant leech!
You kill the tyrant leech!
Your Maces & Flails skill increases to level 9!
You have reached level 8!
You feel clever.
You closely miss the tyrant leech. The tyrant leech barely misses you.
You sock the tyrant leech!
The tyrant leech is lightly wounded.
The tyrant leech bites you!!
You die...

#≈≈#+++#+++##
≈≈≈.......t.#
#+## #w#.##
#.##..# #
###..#### ##.
#'###.##
#..$##.##...#
#w@<.†.##+
#...##.##...#
##. ##'###.##
# #...####
#..#).#
##...## ##+##


You could see a tyrant leech.

Vanquished Creatures
  A merfolk siren (D)
  A tyrant leech (D)
  4 necrophages (D)
  2 worms (D)
8 creatures vanquished.

Notes
Turn   | Place    | Note
-------+----------+-------------------------------------------
     0 | D        | Cadaver the Gargoyle Fighter began the quest for the Orb.
     0 | D        | Reached XP level 1. HP: 14/14 MP: 1/1
     1 | D        | Noticed a tyrant leech
     1 | D        | Noticed a tyrant leech
    13 | D        | Reached skill level 4 in Fighting
    13 | D        | Reached XP level 2. HP: 19/20 MP: 2/2
    23 | D        | Noticed an obsidian statue
    24 | D        | Noticed a crocodile
    32 | D        | Noticed a necrophage
    32 | D        | Noticed a necrophage
    32 | D        | Noticed a necrophage
    32 | D        | Noticed a necrophage
    36 | D        | Killed a necrophage
    36 | D        | Reached skill level 6 in Fighting
    36 | D        | Reached skill level 5 in Shields
    36 | D        | Reached XP level 3. HP: 27/27 MP: 3/3
    36 | D        | Reached XP level 4. HP: 32/32 MP: 4/4
    46 | D        | Killed a necrophage
    46 | D        | Reached skill level 7 in Fighting
    46 | D        | Reached XP level 5. HP: 38/38 MP: 5/5
    48 | D        | Killed a necrophage
    48 | D        | Reached skill level 8 in Fighting
    48 | D        | Reached skill level 5 in Maces & Flails
    48 | D        | Reached XP level 6. HP: 44/44 MP: 6/6
    56 | D        | Killed a necrophage
    73 | D        | Noticed a merfolk siren
    92 | D        | Killed a merfolk siren
    92 | D        | Reached skill level 10 in Fighting
    92 | D        | Reached XP level 7. HP: 52/52 MP: 7/7
   112 | D        | Killed a tyrant leech
   112 | D        | Reached XP level 8. HP: 14/58 MP: 8/8
   114 | D        | Mangled by a tyrant leech

Illustrated notes

Levels and vault maps discovered:
D:        the_violet_keep_of_menkaure [sprint2_stairs_cluster_1,
          sprint2_shoproom, sprint2_temple, sprint2_basic_supplies,
          sprint2_obstacle_1, sprint2_obstacle_5, sprint2_obstacle_3,
          sprint2_obstacle_7, sprint2_obstacle_4, sprint2_timed_cluster_1,
          sprint2_smallroom_cluster_1, sprint2_smallroom_final_cluster_1,
          sprint2_transparent_cluster_1, sprint2_second_timed_cluster_1,
          sprint2_sniper_area_1, sprint2_heavy_combat_area_1,
          sprint2_mutation_trap_area_1, sprint2_forest_area_1,
          sprint2_light_combat_area_1, sprint2_behind_water_1,
          sprint2_near_end_vault_1]

Skill      XL: |  1  2  3  4  5  6  7 |
---------------+----------------------+-----
Fighting       | 4 6 7 8 10 | 10.4
Armour         | 4 6 7 9 |  9.6
Maces & Flails | 3 4 5 8 9 |  9.2
Shields        | 5 6 7 9 |  9.7

Action                   |  1- 3 |  4- 6 |  7- 9 || total
-------------------------+-------+-------+-------++-------
Melee: Flail             |    11 |    37 |    14 ||    62
  Use: Potion            |     1 |       |     1 ||     2
Armor: Scale mail        |     1 |     9 |       ||    10
Dodge: Dodged            |     2 |     3 |     4 ||     9
Block: Kite shield       |     2 |     9 |     3 ||    14
